AoeStats
← ✪Lucho Jaraツ

Arabia

506576281Analyzed
2v2 RM · 18d ago on Sep 14, 2026· 64m 0s· 4 players
Game mode
Random Map
Map size
Medium (4 player)
Population
200
Speed
Normal
Resources
Standard
Victory
Conquest
Starting age
Dark Age
Ending age
Imperial Age
RankedLock teamsTeams togetherTeam positionsShared explorationLock speedFull tech treeHidden civsTurbo modeCheats
Victory
Defeat
🇨🇱 Muisca · Chile
1153
+16
🇨🇱 Hindustanis · Chile
1085
+20
🇺🇸 Teutons · United States
1161
-18
🇺🇸 Lithuanians · United States
1153
-18
h33posk
10:14 Feudal Age
9:18 Loom
20:37 Castle Age
21:31 Double-Bit Axe
22:54 Crossbowman
23:53 Bow Saw
23:49 Gold Mining
25:46 Scale Mail Armor
27:08 Chain Mail Armor
27:22 Fletching
28:14 Bodkin Arrow
31:34 Arson
31:49 Squires
32:07 Forging
37:35 Imperial Age
37:15 Gold Shaft Mining
38:28 Horse Collar
40:06 Chemistry
40:03 Wheelbarrow
40:40 Shatagni
42:05 Padded Archer Armor
42:43 Iron Casting
42:01 Stone Mining
43:10 Leather Archer Armor
43:07 Heavy Plow
43:46 Town Watch
44:35 Hand Cart
44:49 Hand Cart
46:39 Stone Shaft Mining
48:57 Town Patrol
49:33 Coinage
50:19 Conscription
50:36 Grand Trunk Road
51:30 Ring Archer Armor
51:36 Iron Casting
53:34 Elite Ghulam
54:50 Hoardings
54:17 Shatagni
55:16 Bracer
56:16 Blast Furnace
56:48 Ballistics
56:39 Masonry
57:01 Siege Engineers
58:42 Elite Ghulam
64:02 Fervor
✪Lucho Jaraツ
7:25 Loom
10:52 Feudal Age
16:39 Castle Age
14:59 Double-Bit Axe
15:22 Horse Collar
16:39 Stone Mining
19:53 Bow Saw
19:46 Heavy Plow
21:03 Pikeman
24:38 Fletching
25:22 Padded Archer Armor
27:42 Squires
27:44 Scale Mail Armor
28:46 Gold Mining
33:46 Fervor
33:56 Fervor
34:40 Wheelbarrow
34:24 Town Watch
36:02 Forging
36:08 Chain Mail Armor
39:13 Imperial Age
37:48 Iron Casting
39:33 Gold Shaft Mining
40:01 Hand Cart
40:29 Conscription
40:56 Plate Mail Armor
40:12 Elite Temple Guard
48:42 Hoardings
48:56 Masonry
50:25 Bodkin Arrow
52:49 Ballistics
53:30 Chemistry
52:14 Treadmill Crane
52:37 Bracer
53:12 Thumb Ring
57:47 Huaracas
VisciousViper2020
5:17 Loom
9:10 Feudal Age
9:40 Double-Bit Axe
13:03 Horse Collar
14:58 Gold Mining
19:53 Castle Age
18:57 Bloodlines
19:27 Forging
20:07 Scale Barding Armor
21:31 Iron Casting
21:31 Bow Saw
24:25 Heavy Plow
24:58 Husbandry
27:21 Chain Barding Armor
29:03 Wheelbarrow
35:15 Imperial Age
35:18 Cavalier
36:34 Plate Barding Armor
38:02 Paladin
44:34 Chemistry
45:07 Hand Cart
46:34 Hand Cart
49:00 Ballistics
54:05 Conscription
Argonath
5:24 Loom
9:02 Feudal Age
9:28 Double-Bit Axe
10:31 Man-at-Arms
14:57 Arson
17:17 Scale Mail Armor
21:21 Castle Age
19:58 Gold Mining
20:18 Scale Mail Armor
21:09 Forging
20:59 Horse Collar
21:48 Gambesons
23:19 Squires
23:09 Long Swordsman
25:07 Chain Mail Armor
26:24 Bow Saw
29:32 Iron Casting
28:53 Town Watch
33:11 Fletching
39:57 Imperial Age
41:32 Conscription
44:08 Wheelbarrow
45:15 Blast Furnace
45:28 Plate Mail Armor
47:10 Hand Cart
48:50 Elite Teutonic Knight
50:33 Town Patrol
51:00 Bodkin Arrow
59:12 Hoardings
63:09 Heavy Plow
Connection lost

Rejoining the realm…

Still unreachable

The connection could not be restored.

Session expired

The server has moved on; the page needs a fresh start.